 Dungeon Crawl Stone Soup version 0.17-a0-18-gc25b939 (webtiles) character file.

106 JacquesDerrida the Ruffian (level 4, 26/35 HPs)
             Began as a Draconian Transmuter on Oct 14, 2014.
             Quit the game on level 2 of the Dungeon on Mar 7, 2015.
             The game lasted 00:08:31 (1386 turns).

JacquesDerrida the Ruffian (Draconian Transmuter)   Turns: 1386, Time: 00:08:31

Health: 26/35      AC:  6    Str: 13    XL:     4   Next: 55%
Magic:  7/7        EV: 12    Int: 13    God:
Gold:   93         SH:  0    Dex: 12    Spells: 2 memorised, 3 levels left

rFire  . . .     SeeInvis .       - Unarmed
rCold  . . .     Clarity  .     (armour unavailable)
rNeg   . . .     SustAb   .     (no shield)
rPois  .         Gourm    .     m - +1 hat
rElec  .         Spirit   .     (no cloak)
rCorr  .         Warding  .     (no gloves)
rMut   .         Stasis   .     (no boots)
MR     .....                    (no amulet)
Stlth  +.........               (no ring)
                                (no ring)

@: not resistant to hostile enchantments, very unstealthy
A: unfitting armour, cold-blooded, AC +5
a: no special abilities


You were on level 2 of the Dungeon.
You were not hungry.

You visited 1 branch of the dungeon, and saw 4 of its levels.

You collected 93 gold pieces.

Inventory:

Missiles
 b - 29 arrows
Armour
 m - a +1 hat (worn)
Scrolls
 e - 3 scrolls of remove curse {unknown}
 f - a scroll of enchant armour {unknown}
 h - 4 scrolls of magic mapping {unknown}
 i - a scroll of teleportation {unknown}
 n - 2 scrolls of identify {unknown}
 p - a scroll of random uselessness {unknown}
 q - a scroll of amnesia {unknown}
Potions
 c - a potion of resistance {unknown}
 g - a potion of flight {unknown}
 j - a potion of curing {unknown}
 k - 2 potions of haste {unknown}
 o - 2 potions of agility {unknown}
Books
 d - a book of Changes

   Spells                             Type                      Level
   a - Beastly Appendage              Transmutation                1
   b - Sticks to Snakes               Transmutation                2
   c - Spider Form                    Transmutation/Poison         3
   d - Ice Form                       Ice/Transmutation            4
   e - Blade Hands                    Transmutation                5
Comestibles
 a - 2 bread rations
 l - a beef jerky


   Skills:
 - Level 1.1 Fighting
 - Level 1.7 Dodging
 + Level 5.4 Unarmed Combat
 - Level 2.0 Spellcasting
 - Level 2.0 Transmutations


You had 3 spell levels left.
You knew the following spells:

 Your Spells              Type           Power        Failure   Level  Hunger
a - Beastly Appendage     Trmt           #.....       12%         1    ##.....
b - Spider Form           Trmt/Pois      #.........   52%         3    ####...


Dungeon Overview and Level Annotations

Branches:
Dungeon (4/15)
 Temple: D:4-7

Altars:
Dithmenos


Innate Abilities, Weirdness & Mutations

Your plain brown scales are hard (AC +5).
Your body does not fit into most forms of armour.
Your cold-blooded metabolism reacts poorly to cold.


Message History

There is a stone staircase leading up here.
You climb upwards.
Found a scroll labeled SHRUYKK ECUZ and 15 gold pieces.
There is a stone staircase leading down here.
Found an escape hatch in the ceiling.
q - a scroll labeled SHRUYKK ECUZ
There is a stone staircase leading down here.
You now have 83 gold pieces (gained 15).
You enter a teleport trap!
The teleport trap disappears.
Your surroundings suddenly seem different.
Found 10 gold pieces.
You now have 93 gold pieces (gained 10).
Welcome back, JacquesDerrida the Draconian Transmuter.
Press ? for a list of commands and other information.
Saving game... please wait.
Welcome back, JacquesDerrida the Draconian Transmuter.
Press ? for a list of commands and other information.
Unknown command.
Unknown command.
Are you sure you want to abandon this character and quit the game? (Confirm with "yes".)

##(## #..##.######## #..#..
.####.(.####...#.## ##.#.#..
......#........##(## #.#.#..
###..###..####...#†## #...#..
......#...(......##)## ##.....
.####...####..##...#.# #.>...
....##.##....#####.### #.#...
####.....###################.#.#.
.[..............@..#.......#.#.#.
.###############.......#.....#.##
.# #.......#.#.###.## .#
#.......#.#.##.... .#
#.......#.#....... ##
#........#.......##
#.#....####......# #.####.#
#.###### #. #.# #.#


There were no monsters in sight!

Vanquished Creatures
  Ijyb (D:2)
  A gnoll (D:3)
  A giant mite (D:1)
  2 worms (D:2)
  4 giant geckos (D:1)
  An ooze (D:1)
  4 orcs (D:3)
  2 giant cockroaches
  2 hobgoblins
  2 jackals (D:3)
  2 bats (D:1)
  A giant newt (D:2)
  7 goblins
  8 kobolds
  19 rats
57 creatures vanquished.

Notes
Turn   | Place    | Note
--------------------------------------------------------------
     0 | D:1      | JacquesDerrida, the Draconian Transmuter, began the quest for the Orb.
     0 | D:1      | Reached XP level 1. HP: 16/16 MP: 3/3
   114 | D:1      | Reached XP level 2. HP: 11/23 MP: 2/4
   328 | D:1      | Reached skill level 4 in Unarmed Combat
   430 | D:1      | Reached XP level 3. HP: 28/28 MP: 6/6
  1085 | D:2      | Noticed Ijyb
  1113 | D:2      | Killed Ijyb
  1113 | D:2      | Reached skill level 5 in Unarmed Combat
  1113 | D:2      | Reached XP level 4. HP: 20/35 MP: 5/7
  1195 | D:3      | Upgraded the game from 0.16-a0-1276-g18860b1 to 0.16-a0-1301-gf74d490
  1252 | D:3      | Found a shadowy altar of Dithmenos.
  1328 | D:3      | Learned a level 3 spell: Spider Form
  1386 | D:2      | Upgraded the game from 0.16-a0-1301-gf74d490 to 0.17-a0-18-gc25b939
  1386 | D:2      | Quit the game

Action                   |  1- 3 |  4- 6 || total
-------------------------+-------+-------++-------
Melee: Unarmed           |   180 |    44 ||   224
 Cast: Beastly Appendage |    12 |     3 ||    15
 Stab: Sleeping          |     1 |       ||     1
  Eat: Chunk             |     1 |     1 ||     2
